 Dungeon Crawl Stone Soup version 0.29-a0-88-g03a7b78be7 (webtiles) character file.

Game seed: 15597133916887102863

72 enile the Skirmisher (level 4, -1/42 HPs)
             Began as a Minotaur Wanderer on Feb 6, 2022.
             Killed by nerve-wracking pain
             ... invoked by an orc priest
              (4 damage)
             ... on level 3 of the Dungeon.
             The game lasted 00:01:52 (1827 turns).

enile the Skirmisher (Minotaur Wanderer)            Turns: 1827, Time: 00:01:52

Health: -1/42      AC:  7    Str: 16    XL:     4   Next: 6%
Magic:  4/4        EV: 11    Int: 11    God:
Gold:   129        SH:  0    Dex: 10    Spells: 4/5 levels left

rFire   . . .      SeeInvis .   a - +1 hunting sling
rCold   . . .      Faith    .   (no shield)
rNeg    . . .      Spirit   .   c - +0 leather armour
rPois   .          Reflect  .   (helmet restricted)
rElec   .          Harm     .   (no cloak)
rCorr   .          Rampage  .   (no gloves)
Will    .....                   (no boots)
Stlth   +.........              (no amulet)
HPRegen 0.14/turn               f - +4 ring of protection
MPRegen 0.09/turn               (no ring)

@: no status effects
A: horns 2, retaliatory headbutt
a: no special abilities


You were on level 3 of the Dungeon.
You visited 1 branch of the dungeon, and saw 3 of its levels.

You collected 129 gold pieces.

Inventory:

Hand Weapons
 a - a +1 hunting sling (weapon)
Missiles
 b - 2 sling bullets (quivered ammo)
 e - 34 stones
Armour
 c - a +0 leather armour (worn)
Jewellery
 f - a +4 ring of protection (left hand)
Scrolls
 d - a scroll of noise {unknown}
 g - 2 scrolls of identify {unknown}
 l - a scroll of enchant weapon {unknown}
 m - a scroll of magic mapping {unknown}
 o - a scroll of teleportation {unknown}
Potions
 h - 2 potions of lignification {unknown}
 i - 2 potions of ambrosia {unknown}
 j - a potion of might {unknown}
 k - a potion of haste {unknown}
 n - 2 potions of curing {unknown}


   Skills:
 + Level 5.3 Fighting
 - Level 3.2 Slings
 - Level 1.0 Spellcasting
 - Level 2.1 Conjurations
 - Level 1.0 Invocations


You had 4 spell levels left.
You knew the following spells:

 Your Spells              Type           Power      Damage    Failure   Level
a - Foxfire               Conj/Fire      8%         2x1d4     26%         1

Your spell library contained the following spells:

 Spells                   Type           Power      Damage    Failure   Level
 Ensorcelled Hibernation  Hex/Ice        0%         N/A       52%         2
 Passwall                 Tmut/Erth      0%         N/A       52%         2
 Conjure Flame            Conj/Fire      2%         6-21      58%         3
 Swiftness                Air            0%         N/A       75%         3
 Sticky Flame             Conj/Fire      2%         2d3       94%         4
 Blade Hands              Tmut           0%         N/A       100%        5
 Irradiate                Conj/Tmut      1%         3d14      100%        5
 Dragon Form              Tmut           0%         N/A       100%        7


Dungeon Overview and Level Annotations

Branches:
Dungeon (3/15)

Altars:


Innate Abilities, Weirdness & Mutations

You have a pair of horns on your head.
You reflexively headbutt those who attack you in melee.


Message History

Found a faded altar of an unknown god.
There are monsters nearby!
There are monsters nearby!
There are monsters nearby!
You shoot a sling bullet. The sling bullet hits the orc!
You kill the orc!
You shoot a sling bullet. The sling bullet hits the orc.
The orc is heavily wounded.
The orc priest calls down the wrath of Beogh upon you.
Beogh smites you!
You shoot a sling bullet. The sling bullet barely misses the orc.
The sling bullet closely misses the orc.
The sling bullet hits the orc priest.
The orc priest is moderately wounded.
The orc priest calls down the wrath of Beogh upon you.
Beogh smites you! The orc hits you but does no damage.
You are too injured to fight recklessly!
You are too injured to fight recklessly!
You are too injured to fight recklessly!
You are too injured to fight recklessly!
You are too injured to fight recklessly!
You are too injured to fight recklessly!
You are too injured to fight recklessly!
You are too injured to fight recklessly!
You are too injured to fight recklessly!
You are too injured to fight recklessly!
You are too injured to fight recklessly!
You are too injured to fight recklessly!
You are too injured to fight recklessly!
You are too injured to fight recklessly!
Okay, then.
The orc priest invokes the aid of Beogh against you.
Beogh smites you!
* * * LOW HITPOINT WARNING * * *
The orc hits you with a +1 vorpal hand axe.
* * * LOW HITPOINT WARNING * * *
x2
There is a stone staircase leading up here.
The orc priest mumbles some strange prayers to Beogh against you.
Pain shoots through your body!
You die...

####.###.....# #...# #.#
####)###.....# #.#.###.#
.......#.....# #.#..##.#
####)..#.....########.##.##.#
...[...+.....'.(....#.....#.#
.......#.....######.###.#.#.#
.......#.....#..[.......#...#
.......#.....#.####.######..#
.........).....o@...........#
.............o..##'######...#
.....#..............# #...###
............oo......# #.....#
.........##(##......# #.....#
###...8.##...##.8...# #..>..#
#....##..(..##....# #.(...#
#...#####....##...# ###.....#
..# ##....##..# #.>.....#


You could see an orc priest and 3 orcs.

Vanquished Creatures
  An adder (D:3)
  4 worms
  4 orcs (D:3)
  2 endoplasms
  A giant cockroach (D:2)
  4 goblins
  5 hobgoblins (D:2)
  4 jackals (D:2)
  7 kobolds
  A quokka (D:3)
  3 ball pythons
  4 bats
  5 rats
45 creatures vanquished.

Notes
Turn   | Place    | Note
-------+----------+-------------------------------------------
     0 | D:1      | enile the Minotaur Wanderer began the quest for the Orb.
     0 | D:1      | enile set off with the following items: a +1 hunting sling,
                  | 20 sling bullets, a +0 leather armour; and the following
                  | spell memorised: Foxfire; and the following spells
                  | available to memorise: Conjure Flame, Sticky Flame
     0 | D:1      | Reached XP level 1. HP: 18/18 MP: 1/1
   140 | D:1      | Reached skill level 3 in Fighting
   394 | D:1      | Reached XP level 2. HP: 26/26 MP: 2/2
   511 | D:1      | Found a faded altar of an unknown god.
   697 | D:2      | Reached skill level 4 in Fighting
  1050 | D:2      | Reached XP level 3. HP: 34/34 MP: 3/3
  1660 | D:3      | Reached skill level 5 in Fighting
  1712 | D:3      | Reached XP level 4. HP: 42/42 MP: 4/4
  1818 | D:3      | Found a faded altar of an unknown god.
  1827 | D:3      | Killed from afar by an orc priest

Illustrated notes

Levels and vault maps discovered:
D:1:      lemuel_arrival_lava_pool, layout_basic, shapermc_ecumenical_altar_venn
D:2:      layout_basic, minmay_door_square, nicolae_elevator_lobby_plus
D:3:      layout_basic, nicolae_overflow_ecumenical_swirl

Skill      XL: |  1  2  3 |
---------------+----------+-----
Fighting       | 3 4 5 |  5.3
Slings         | |  3.2
Spellcasting   | |  1.0
Conjurations   | |  2.1
Invocations    | |  1.0

Action                   |  1- 3 |  4- 6 || total
-------------------------+-------+-------++-------
 Fire: Hunting sling     |   147 |     4 ||   151
Armor: Leather armour    |    12 |     1 ||    13
Dodge: Dodged            |    22 |       ||    22

Table legend: (Time is in decaauts)
 A = Elapsed time spent in this place.
 B = Non-inter-level travel time spent in this place.
 C = Inter-level travel time spent in this place.
 D = Time resting spent in this place.
 E = Time spent auto-exploring this place.
 F = Levels seen in this place.
 G = Mean time per level.
                   A        B        C        D        E       F      G
               +--------+--------+--------+--------+--------+-----+--------+
         Total |   1832 |   1810 |     22 |      0 |   1509 |   3 |  610.7 |
       Dungeon |   1832 |   1810 |     22 |      0 |   1509 |   3 |  610.7 |
               +--------+--------+--------+--------+--------+-----+--------+

Top non-repeatable levels by time:
     D:2: 939 daAuts
     D:1: 541 daAuts
     D:3: 351 daAuts
